 Dungeon Crawl Stone Soup version 0.19-a0-905-ge5e6a15 (webtiles) character file.

192 Gagarin the Conjurer (level 5, -4/39 HPs)
             Began as a Draconian Conjurer on July 5, 2016.
             Shot with an arrow by a centaur (9 damage)
             ... on level 4 of the Dungeon.
             The game lasted 00:14:10 (3550 turns).

Gagarin the Conjurer (Draconian Conjurer)           Turns: 3550, Time: 00:14:11

Health: -4/39      AC:  5    Str: 10    XL:     5   Next: 42%
Magic:  1/9        EV: 12    Int: 22    God:
Gold:   173        SH:  0    Dex: 11    Spells: 3 memorised, 4 levels left

rFire  . . .     SeeInvis +     (no weapon)
rCold  . . .     Gourm    .     (armour unavailable)
rNeg   . . .     Faith    .     (no shield)
rPois  .         Spirit   .     (helmet restricted)
rElec  .         Dismiss  .     (no cloak)
rCorr  .         Reflect  .     (no gloves)
SustAt .         Harm     .     (no boots)
MR     .....                    (no amulet)
Stlth  ++........               i - ring of see invisible
                                c - +5 ring of intelligence

@: about to teleport, very slightly contaminated, not resistant to hostile
enchantments, unstealthy
A: unfitting armour, cold-blooded, AC +5
a: no special abilities


You were on level 4 of the Dungeon.
You were hungry.

You visited 1 branch of the dungeon, and saw 4 of its levels.

You collected 173 gold pieces.

Inventory:

Missiles
 o - 35 arrows
 r - 22 bolts
Jewellery
 c - a +5 ring of intelligence (left hand)
 d - an uncursed ring of positive energy
 i - a ring of see invisible (right hand)
Scrolls
 e - 3 scrolls of identify
 g - 3 scrolls of teleportation
 h - a scroll of immolation
 j - a scroll of noise {unknown}
 k - 2 scrolls of remove curse
 l - a scroll of fog {unknown}
 n - a scroll of recharging {unknown}
 p - a scroll of enchant weapon
 q - a scroll of magic mapping {unknown}
Books
 a - a book of Conjurations

   Spells                             Type                      Level
   a - Magic Dart                     Conjuration                  1
   b - Searing Ray                    Conjuration                  2
   c - Dazzling Spray                 Conjuration/Hexes            3
   d - Fulminant Prism                Conjuration/Hexes            4
   e - Iskenderun's Mystic Blast      Conjuration                  4
   f - Iskenderun's Battlesphere      Conjuration/Charms           5
Comestibles
 b - 2 bread rations
 m - 2 meat rations
 s - 4 chunks of flesh


   Skills:
 + Level 0.9 Fighting
 + Level 2.7 Dodging
 + Level 2.1 Stealth
 + Level 0.6 Unarmed Combat
 + Level 3.2 Spellcasting
 + Level 5.2 Conjurations


You had 4 spell levels left.
You knew the following spells:

 Your Spells              Type           Power        Failure   Level  Hunger
a - Magic Dart            Conj           ####         1%          1    None
b - Searing Ray           Conj           ####..       1%          2    ##.....
c - Dazzling Spray        Conj/Hex       ###...       14%         3    ###....


Dungeon Overview and Level Annotations

Branches:
Dungeon (4/15)
 Temple: D:4-7

Altars:
Okawaru


Innate Abilities, Weirdness & Mutations

Your plain brown scales are hard. (AC +5)
Your body does not fit into most forms of armour.
You are cold-blooded and may be slowed by cold attacks.


Message History

You are feeling hungry.
o - 35 arrows (gained 4)
The centaur shoots an arrow.
The arrow closely misses you.
The centaur shoots an arrow.
The arrow hits you.
You see here an arrow.
The centaur is no longer blind.
The centaur shoots an arrow.
The arrow hits you.
You see here an arrow.
You aren't carrying any items that you can evoke.
Okay, then.
As you read the scroll of teleportation, it crumbles to dust.
You feel strangely unstable.
The centaur shoots an arrow.
The arrow closely misses you.
The centaur shoots an arrow.
The arrow hits you!
* * * LOW HITPOINT WARNING * * *
The centaur shoots an arrow.
The arrow hits you.
* * * LOW HITPOINT WARNING * * *
You see here an arrow.
It was a potion of cure mutation.
It has a very clean taste.
The centaur shoots an arrow.
The arrow hits you!
You die...

#......8^....................##.
#.............##########...(.##.
#####...÷.###........# #.##.###.
##.'#...#).########)# #........
#...#...#...##..(.#.# #......##
#>.##...##.>##c##(#.###..>...#
#####.....#####.##.#..........#
#.........# #(##.#..........#
#.........# #@##c##.........#
#.........#####.##............#
#...............#####.........#
#.........#####...#[..........#
#.....###.# ###(#.#...÷.....###
#.....# #.# #...#.#.......c.#
#.....# #.# #.###.#.........#
####### #.# #.#.#.#.........#
#.# #.#.#.#........÷#


You could see a centaur.

Vanquished Creatures
  Ijyb (D:3)
  4 gnolls (D:3)
  5 adders
  An ooze (D:2)
  2 adder skeletons (D:4)
  4 worms
  A dart slug (D:1)
  3 giant geckos
  2 orcs (D:4)
  2 ball pythons
  5 bats
  3 giant cockroaches
  2 hobgoblins (D:2)
  3 jackals (D:4)
  A quokka (D:3)
  A giant gecko skeleton (D:4)
  8 giant newts
  5 goblins
  3 kobolds (D:2)
  4 rats
60 creatures vanquished.

Notes
Turn   | Place    | Note
-------+----------+-------------------------------------------
     0 | D:1      | Gagarin the Draconian Conjurer began the quest for the Orb.
     0 | D:1      | Reached XP level 1. HP: 14/14 MP: 3/3
   258 | D:1      | Reached XP level 2. HP: 19/20 MP: 0/5
   485 | D:1      | You fall through a shaft!
   601 | D:1      | Learned a level 2 spell: Searing Ray
   779 | D:2      | Found a faded altar of an unknown god.
  1279 | D:2      | Reached XP level 3. HP: 26/26 MP: 2/6
  1844 | D:2      | Reached XP level 4. HP: 33/33 MP: 1/8
  2389 | D:3      | Found an iron altar of Okawaru.
  2428 | D:3      | Noticed Ijyb
  2445 | D:3      | Killed Ijyb
  2574 | D:3      | Reached skill level 5 in Conjurations
  2574 | D:3      | Reached XP level 5. HP: 38/38 MP: 3/9
  3154 | D:4      | Learned a level 3 spell: Dazzling Spray
  3237 | D:4      | Noticed a centaur
  3550 | D:4      | Shot with an arrow by a centaur

Vault maps used:
D:1:      scummos_arrival_star, columned_hall_lemuel
D:2:      ecumenical_altar_1
D:3:      portal_sewer_entry_d, okawaru_trees_1, uniq_iyjb
D:4:      first_bread, grunt_ministairs_6, kennysheep_generic_room_15

Skill      XL: |  1  2  3  4 |
---------------+-------------+-----
Dodging        | 2 |  2.7
Spellcasting   | 3 |  3.2
Stealth        | 2 |  2.1
Conjurations   | 5 |  5.2
Fighting       | |  0.9
Unarmed Combat | |  0.6

Action                   |  1- 3 |  4- 6 || total
-------------------------+-------+-------++-------
Melee: Unarmed           |    25 |    57 ||    82
       Tailslap          |     2 |     5 ||     7
 Cast: Magic Dart        |    48 |    38 ||    86
       Searing Ray       |    11 |     8 ||    19
       Dazzling Spray    |       |     7 ||     7
  Use: Scroll            |     5 |     2 ||     7
       Potion            |     3 |     2 ||     5
  Eat: Chunk             |     4 |     6 ||    10
Armor: Skin              |    16 |    21 ||    37
Dodge: Dodged            |    49 |    42 ||    91
